 Dungeon Crawl Stone Soup version 0.29-a0-284-gf9362112df (webtiles) character file.

Game seed: 14699897313286920433

86 blank1 the Bolt Thrower (level 4, -2/26 HPs)
             Began as a Kobold Arcane Marksman on Mar 27, 2022.
             Slain by Sigmund
             ... wielding a +0 scythe
              (11 damage)
             ... on level 3 of the Dungeon.
             The game lasted 00:08:24 (3395 turns).

blank1 the Bolt Thrower (Kobold Arcane Marksman)    Turns: 3395, Time: 00:08:25

Health: -2/26      AC:  2    Str: 13    XL:     4   Next: 77%
Magic:  0/5        EV: 15    Int: 14    God:
Gold:   141        SH:  0    Dex: 17    Spells: 1/5 levels left

rFire   . . .      SeeInvis .   a - +0 hand crossbow
rCold   . . .      Faith    .   (no shield)
rNeg    . . .      Spirit   +   b - +0 robe
rPois   .          Reflect  .   (no helmet)
rElec   .          Harm     .   (no cloak)
rCorr   .          Rampage  .   (no gloves)
Will    .....                   (no boots)
Stlth   +++.......              i - amulet of guardian spirit
HPRegen 0.08/turn               g - ring of flight
MPRegen 0.09/turn               h - +6 ring of strength

@: flying
A: small, no large weapons, nightstalker 3
a: no special abilities


You were on level 3 of the Dungeon.
You visited 1 branch of the dungeon, and saw 3 of its levels.

You collected 141 gold pieces.

Inventory:

Hand Weapons
 a - a +0 hand crossbow (weapon)
 o - a +2 whip of electrocution
Armour
 b - a +0 robe (worn)
Jewellery
 g - a ring of flight (left hand)
 h - a +6 ring of strength (right hand)
 i - an amulet of guardian spirit (around neck)
Scrolls
 c - a scroll of vulnerability
 d - a scroll of fear {unknown}
 e - a scroll of identify {unknown}
 m - a scroll of amnesia {unknown}
Potions
 f - a potion of degeneration {unknown}
 j - a potion of curing {unknown}
 k - a potion of ambrosia {unknown}
 l - a potion of flight {unknown}
 n - a potion of heal wounds {unknown}


   Skills:
 + Level 2.2 Fighting
 - Level 5.0 Crossbows
 + Level 3.2 Dodging
 - Level 0.2 Stealth
 - Level 1.1 Spellcasting
 - Level 3.0 Hexes


You had one spell level left.
You knew the following spells:

 Your Spells              Type           Power      Damage    Failure   Level
a - Slow                  Hex            36%        N/A       8%          1
b - Portal Projectile     Hex/Tloc       8%         N/A       38%         3

Your spell library contained the following spells:

 Spells                   Type           Power      Damage    Failure   Level
 Summon Small Mammal      Summ           0%         N/A       26%         1
 Inner Flame              Hex/Fire       4%         N/A       38%         3
 Summon Guardian Golem    Hex/Summ       4%         N/A       38%         3
 Cause Fear               Hex            4%         N/A       58%         4
 Call Canine Familiar     Summ           0%         N/A       61%         3


Dungeon Overview and Level Annotations

Branches:
Dungeon (3/15)

Altars:
Gozag

Shops:
D:1 *   D:2 =

Annotations:
D:3 Sigmund


Innate Abilities, Weirdness & Mutations

You are small and have problems with some larger weapons.
You are completely attuned to the shadows.


Message History

Aim: a goblin, wielding a +0 dagger and quivering stones (58% to hit)
You shoot a bolt. The bolt hits the goblin.
You kill the goblin!
Shoot: a) +0 hand crossbow
Press: ? - help, Shift-Dir - straight line, f - you
Things that are here:
a +0 dagger; 14 stones
Found a +0 robe.
Shoot: a) +0 hand crossbow
Press: ? - help, Shift-Dir - straight line, f - Sigmund
Aim: Sigmund, wielding a +0 scythe and wearing a +0 leather armour (wandering, hasn't noticed you, 61% to hit)
You shoot a bolt.
Sigmund shouts!
The bolt hits Sigmund!
Sigmund is moderately wounded.
Shoot: a) +0 hand crossbow
Press: ? - help, Shift-Dir - straight line, f/p - Sigmund
Aim: Sigmund, wielding a +0 scythe and wearing a +0 leather armour (moderately wounded, 61% to hit)
You shoot a bolt. The bolt barely misses Sigmund.
Unknown command.
Shoot: a) +0 hand crossbow
Press: ? - help, Shift-Dir - straight line, f/p - Sigmund
Aim: Sigmund, wielding a +0 scythe and wearing a +0 leather armour (moderately wounded, 61% to hit)
You shoot a bolt. The bolt hits Sigmund!
Sigmund is heavily wounded.
Sigmund hits you from afar with a +0 scythe!
Shoot: a) +0 hand crossbow
Press: ? - help, Shift-Dir - straight line, f/p - Sigmund
Aim: Sigmund, wielding a +0 scythe and wearing a +0 leather armour (heavily wounded, 61% to hit)
You shoot a bolt. The bolt barely misses Sigmund.
Sigmund hits you from afar with a +0 scythe!
Unknown command.
Shoot: a) +0 hand crossbow
Press: ? - help, Shift-Dir - straight line, f/p - Sigmund
Aim: Sigmund, wielding a +0 scythe and wearing a +0 leather armour (heavily wounded, 61% to hit)
You shoot a bolt.
The bolt hits Sigmund but does no damage.
Sigmund is heavily wounded.
Sigmund hits you from afar with a +0 scythe!
You die...

#..#(##### #..#.........#........
#........###..#.[.#######........
#....###..........# #...<.....
.....# #.##.......# #.......##
..#### #.........## #.........
....# ##.........# #....#....
##### ####.....########.###..##
##.............###>.##
#...@###......#...... #.##.#
#......#..#.## ####@#
#.........#.# #........[.#.####
...#######....# ..... .#.#.)###
## [...#.# ........# .#
...##......### .# ....#......#


You could see Sigmund.

Vanquished Creatures
  Jessica (D:3)
  4 ball pythons
  6 bats
  9 endoplasms
  3 giant cockroaches
  8 goblins
  5 hobgoblins
  3 jackals (D:1)
  4 kobolds
  2 quokkas (D:1)
  A frilled lizard (D:2)
  6 rats
52 creatures vanquished.

Vanquished Creatures (others)
  6 fungi (D:2)
  3 plants (D:2)
9 creatures vanquished.

Grand Total: 61 creatures vanquished

Notes
Turn   | Place    | Note
-------+----------+-------------------------------------------
     0 | D:1      | blank1 the Kobold Arcane Marksman began the quest for the
                  | Orb.
     0 | D:1      | Reached XP level 1. HP: 12/12 MP: 2/2
   206 | D:1      | Reached skill level 3 in Crossbows
   259 | D:1      | Reached XP level 2. HP: 16/16 MP: 3/3
   731 | D:1      | Reached XP level 3. HP: 20/20 MP: 4/4
   756 | D:1      | Found Ucairon's Assorted Antiques.
   775 | D:1      | Reached skill level 4 in Crossbows
  1364 | D:1      | You are sucked into a shaft and drop 1 floor!
  1822 | D:2      | Found Zebepe's Jewellery Emporium.
  1975 | D:2      | Reached XP level 4. HP: 25/25 MP: 5/5
  2091 | D:2      | Learned a level 3 spell: Portal Projectile
  2229 | D:2      | Found a faded altar of an unknown god.
  2469 | D:3      | Found an opulent altar of Gozag.
  2520 | D:3      | Noticed Sigmund
  2890 | D:3      | Noticed Jessica
  2896 | D:3      | HP: 1/26 [worm (8)]
  2897 | D:3      | Killed Jessica
  2898 | D:3      | Reached skill level 5 in Crossbows
  3395 | D:3      | Slain by Sigmund

Illustrated notes

Levels and vault maps discovered:
D:1:      tarquinn_simple_flora_water_f, layout_loops_cross, serial_shops,
          nicolae_shop_behind_doors, moated_statue,
          nicolae_concentric_dashed_squares_wild, hex_medium
D:2:      layout_loops_cross, dreamdust_ecumenical_altar_grove, serial_shops,
          nicolae_shop_stone
D:3:      layout_basic, lemuel_crystal_altar, minmay_rat_hole, uniq_jessica,
          uniq_sigmund

Skill      XL: |  1  2  3  4 |
---------------+-------------+-----
Crossbows      | 3 4 5 |  5.0
Dodging        | 3 |  3.2
Fighting       | 2 |  2.2
Stealth        | |  0.2
Spellcasting   | |  1.1
Hexes          | |  3.0

Action                   |  1- 3 |  4- 6 || total
-------------------------+-------+-------++-------
 Fire: Hand crossbow     |   116 |    52 ||   168
 Cast: Slow              |     2 |       ||     2
Armor: Robe              |    19 |     5 ||    24
Dodge: Dodged            |    66 |    11 ||    77

Table legend: (Time is in decaauts)
 A = Elapsed time spent in this place.
 B = Non-inter-level travel time spent in this place.
 C = Inter-level travel time spent in this place.
 D = Time resting spent in this place.
 E = Time spent auto-exploring this place.
 F = Levels seen in this place.
 G = Mean time per level.
                   A        B        C        D        E       F      G
               +--------+--------+--------+--------+--------+-----+--------+
         Total |   3444 |   3327 |    117 |    765 |   2150 |   3 | 1148.0 |
       Dungeon |   3444 |   3327 |    117 |    765 |   2150 |   3 | 1148.0 |
               +--------+--------+--------+--------+--------+-----+--------+

Top non-repeatable levels by time:
     D:1: 1649 daAuts
     D:2: 1367 daAuts
     D:3: 427 daAuts
